 Dungeon Crawl Stone Soup version 0.23.0 (webtiles) character file.

Game seed: 10740146007956753358

223 Borgoz the Cudgeler (level 6, 0/37 HPs)
             Began as a Gargoyle Gladiator on Feb 9, 2019.
             Killed by divine providence
             ... invoked by an orc priest
              (10 damage)
             ... on level 4 of the Dungeon.
             The game lasted 00:04:35 (2143 turns).

Borgoz the Cudgeler (Gargoyle Gladiator)            Turns: 2143, Time: 00:04:36

Health: 0/37       AC: 11    Str: 17    XL:     6   Next: 0%
Magic:  6/6        EV: 12    Int:  9    God:
Gold:   181        SH:  0    Dex: 13    Spells: 5/5 levels left

rFire    + . .     SeeInvis .   a - +0 flail
rCold    . . .     Gourm    .   (no shield)
rNeg     + . .     Faith    .   h - +0 ring mail {rF+}
rPois    ∞         Spirit   .   c - +0 helmet
rElec    +         Reflect  .   (no cloak)
rCorr    .         Harm     .   (no gloves)
MR       .....                  (no boots)
Stlth    +.........             (no amulet)
HPRegen  0.12/turn              (no ring)
MPRegen  0.10/turn              (no ring)

@: no status effects
A: negative energy resistance 1, electricity resistance, unbreathing,
petrification resistance, rot immunity, AC +4
a: no special abilities


You were on level 4 of the Dungeon.
You were hungry.

You visited 1 branch of the dungeon, and saw 4 of its levels.

You collected 181 gold pieces.

Inventory:

Hand Weapons
 a - a +0 flail (weapon)
Missiles
 d - 3 throwing nets (quivered)
Armour
 c - a +0 helmet (worn)
 h - a +0 ring mail of fire resistance (worn)
Jewellery
 s - a cursed amulet of inaccuracy {unknown}
Wands
 o - a wand of flame (10)
Scrolls
 b - 2 scrolls of enchant armour {unknown}
 e - a scroll of remove curse {unknown}
 j - a scroll of magic mapping {unknown}
 m - a scroll of blinking {unknown}
 n - 3 scrolls of identify {unknown}
 r - 2 scrolls of teleportation {unknown}
 t - a scroll of noise {unknown}
Potions
 g - a potion of haste {unknown}
 i - 2 potions of curing {unknown}
 k - a potion of magic {unknown}
 l - 3 potions of heal wounds {unknown}
 p - a potion of might {unknown}
 q - a potion of mutation {unknown}
Comestibles
 f - 4 rations
 u - 3 chunks of flesh


   Skills:
 + Level 3.4 Fighting
 + Level 3.9 Maces & Flails
 - Level 1.7 Throwing
 + Level 2.4 Armour
 * Level 3.8 Dodging


You had 5 spell levels left.
You didn't know any spells.
Your spell library was empty.

Dungeon Overview and Level Annotations

Branches:
Dungeon (4/15)
 Temple: D:4-7

Altars:
Elyvilon
Nemelex Xobeh
Trog
Xom


Innate Abilities, Weirdness & Mutations

You are resistant to torment.
Your stone body is resilient. (AC +4)
You are immune to poison.
You resist negative energy. (rN+)
You are resistant to electric shocks. (rElec)
You can survive without breathing.
You are immune to petrification.
You are immune to rotting.


Message History

The orc wizard misses you.
The orc priest casts a cantrip, but nothing happens.
A phantom comes into view.
You hit the orc priest but do no damage.
The orc priest is moderately wounded.
The orc wizard completely misses you.
An orc comes into view.
The orc priest invokes the aid of Beogh against you.
Beogh smites you!
* * * LOW HITPOINT WARNING * * *
An orc comes into view. It is wielding a +0 club.
The phantom blinks!
The orc wizard hits you with a +0 dagger.
* * * LOW HITPOINT WARNING * * *
The orc wizard casts a spell at you.
The puff of frost hits you but does no damage.
An orc comes into view. It is wielding a +0 dagger.
The orc priest calls down the wrath of Beogh upon you.
Beogh smites you!
You die...

.# #.###. ########
#......
##......##.......
#.......#........
#.........#.....
###.......<(....#
#....#..#..........
#........@...#...##
........o.....##.#
..#..............#
#......#..##...
#..oo###....###.
#..oo #..#..# #.##.
...#.# ... ##
.....# !.# .....#


You could see an orc priest, an orc wizard and 3 orcs.

Vanquished Creatures
  A crimson imp (D:2)
  Natasha (thrice) (D:2)
  3 adders
  6 worms
  2 dart slugs
  3 leopard geckos
  6 bats
  6 giant cockroaches
  6 goblins
  2 hobgoblins (D:2)
  6 jackals
  2 ball pythons (D:1)
  7 frilled lizards
  9 kobolds
  8 rats
70 creatures vanquished.

Notes
Turn   | Place    | Note
-------+----------+-------------------------------------------
     0 | D:1      | Borgoz the Gargoyle Gladiator began the quest for the Orb.
     0 | D:1      | Reached XP level 1. HP: 12/12 MP: 1/1
    31 | D:1      | Reached XP level 2. HP: 12/18 MP: 2/2
   473 | D:1      | Reached skill level 1 in Armour
   578 | D:2      | Reached XP level 3. HP: 22/22 MP: 3/3
   679 | D:2      | Reached XP level 4. HP: 20/27 MP: 4/4
   795 | D:2      | Noticed Natasha
   804 | D:2      | Killed Natasha
   816 | D:1      | Reached XP level 5. HP: 16/32 MP: 5/5
  1238 | D:2      | Noticed Natasha
  1244 | D:2      | Killed Natasha
  1382 | D:2      | Noticed Natasha
  1394 | D:2      | Killed Natasha
  1738 | D:3      | Found a faded altar of an unknown god.
  1887 | D:3      | Found a sparkling altar of Nemelex Xobeh.
  1888 | D:3      | Found a bloodstained altar of Trog.
  1891 | D:3      | Found a shimmering altar of Xom.
  1892 | D:3      | Found a white marble altar of Elyvilon.
  2131 | D:4      | Reached XP level 6. HP: 37/37 MP: 6/6
  2139 | D:4      | Noticed a phantom
  2143 | D:4      | Killed from afar by an orc priest

Skill      XL: |  1  2  3  4 |
---------------+-------------+-----
Armour         | 1 2 |  2.4
Dodging        | 3 |  3.8
Fighting       | 3 |  3.4
Maces & Flails | |  3.9
Throwing       | |  1.7

Action                   |  1- 3 |  4- 6 || total
-------------------------+-------+-------++-------
Melee: Flail             |   112 |   156 ||   268
  Eat: Chunk             |       |     4 ||     4
Armor: Leather armour    |    11 |       ||    11
       Ring mail         |    58 |    93 ||   151
Dodge: Dodged            |    88 |   144 ||   232
